 Dungeon Crawl Stone Soup version 0.19.0-2-gae57169 (webtiles) character file.

6783 Leibowitz the Spear-Bearer (level 10, -5/83 HPs)
             Began as a Demigod Fighter on Nov 5, 2016.
             Slain by a shadow (31 damage)
             ... on level 10 of the Dungeon.
             The game lasted 00:39:54 (11033 turns).

Leibowitz the Spear-Bearer (Demigod Fighter)       Turns: 11033, Time: 00:39:54

Health: -5/83      AC: 11    Str: 23 (24) XL:     10   Next: 48%
Magic:  14/14      EV: 18    Int: 11 (12) God:
Gold:   596        SH: 12    Dex: 24      Spells: 0 memorised, 9 levels left

rFire  . . .     SeeInvis .     a - +1 trident
rCold  . . .     Gourm    +     y - +2 leather armour {MR+}
rNeg   + + .     Faith    .     c - +0 shield
rPois  .         Spirit   .     (no helmet)
rElec  .         Reflect  .     t - +0 cloak of Liemol {rN++ Dex+3}
rCorr  .         Harm     .     o - +0 pair of gloves
MR     ++...                    (no boots)
Stlth  +++.......               F - amulet of the gourmand
                                H - +3 ring of evasion
                                s - +3 ring of protection

@: mighty
A: high mp 1
a: no special abilities


You were on level 10 of the Dungeon.
You were near starving.

You visited 2 branches of the dungeon, and saw 11 of its levels.

You collected 596 gold pieces.

Inventory:

Hand Weapons
 a - a +1 trident (weapon)
 b - a +0 blowgun
Missiles
 D - 9 poisoned needles
Armour
 c - a +0 shield (worn)
 o - a +0 pair of gloves (worn)
 t - the +0 cloak of Liemol (worn) {rN++ Dex+3}
   (You found it on level 4 of the Dungeon)

   It affects your dexterity (+3).
   It greatly protects you from negative energy.
 y - a +2 leather armour of magic resistance (worn)
Jewellery
 h - a +6 ring of intelligence
 s - a +3 ring of protection (left hand)
 w - an uncursed ring of magical power
 x - a +4 amulet of reflection
 F - an amulet of the gourmand (around neck)
 H - a +3 ring of evasion (right hand)
Wands
 i - a wand of lightning (5/15)
 n - a wand of iceblast (12/15)
 G - a wand of flame (0/48)
 L - a wand of flame (0/48)
Scrolls
 j - 6 scrolls of identify
 k - 2 scrolls of blinking
 l - 3 scrolls of remove curse
 p - a scroll of enchant weapon
 r - a scroll of enchant armour
 J - a scroll of amnesia
Potions
 e - 2 potions of lignification
 q - a potion of haste
Books
 v - a book of Misfortune

   Spells                             Type                      Level
   a - Confusing Touch                Hexes                        1
   b - Confuse                        Hexes                        3
   c - Gell's Gravitas                Hexes/Translocation          3
   d - Petrify                        Transmutation/Earth          4
   e - Metabolic Englaciation         Hexes/Ice                    5
   f - Yara's Violent Unravelling     Hexes/Transmutation          5
 B - a book of Geomancy

   Spells                             Type                      Level
   a - Sandblast                      Earth                        1
   b - Passwall                       Transmutation/Earth          2
   c - Stone Arrow                    Conjuration/Earth            3
   d - Petrify                        Transmutation/Earth          4
   e - Lee's Rapid Deconstruction     Earth                        5
 I - a book of Conjurations

   Spells                             Type                      Level
   a - Magic Dart                     Conjuration                  1
   b - Searing Ray                    Conjuration                  2
   c - Dazzling Spray                 Conjuration/Hexes            3
   d - Fulminant Prism                Conjuration/Hexes            4
   e - Iskenderun's Mystic Blast      Conjuration                  4
   f - Iskenderun's Battlesphere      Conjuration/Charms           5
Comestibles
 f - 9 bread rations
 g - 3 slices of pizza
 m - 2 beef jerkies
 z - 24 fruits
 A - a royal jelly
 E - 4 meat rations


   Skills:
 + Level 5.8 Fighting
 + Level 10.1 Polearms
 + Level 5.0 Armour
 + Level 5.2 Dodging
 + Level 3.6 Stealth
 + Level 6.9 Shields
 + Level 1.2 Evocations


You had 9 spell levels left.
You didn't know any spells.

Dungeon Overview and Level Annotations

Branches:
Dungeon (10/15)            Temple (1/1) D:4             Orc (0/2) D:9
   Lair: D:8-11

Shops:
D:7 (   D:8 }

Annotations:
D:9 1 exclusion


Innate Abilities, Weirdness & Mutations

You have an increased reservoir of magic. (+10% MP)


Message History

The hungry ghost hits you.
* * * LOW HITPOINT WARNING * * *
You are near starving!
You miss the hungry ghost.
The hungry ghost is severely damaged.
The shadow strikes at you from the darkness!
* * * LOW HITPOINT WARNING * * *
Reactivating autopickup.
The hungry ghost closely misses you.
You feel better.
The shadow slips into darkness.
The shadow flickers and vanishes!
Deactivating autopickup; reactivate with Ctrl-A.
The hungry ghost misses you.
You feel better.
The shadow strikes at you from the darkness!
The hungry ghost misses you.
You feel very mighty all of a sudden.
The shadow strikes at you from the darkness!
You die...

.#....(....#....†###.....#
.#......#..#..#...)...#..#
##......#######..(....####
#.......#..#..#.(###..#
###+###....#......#......
#.........###..#..#..#..##
#....#.......}W#######....
#..............#(.# .....
#..............W@.# ...###
#..............{.###....
#....)................#
#...........####......#
.############.........#
.+.........>............
.#......................
.#......................
.#.....................#


You could see a hungry ghost.

Vanquished Creatures
  A centaur warrior (D:10)
  Joseph (D:9)
  2 hippogriffs (D:8)
  The ghost of cerberus the Digger, an amateur DgEE (D:5)
  A hornet (D:9)
  2 basilisks
  Eustachio (D:5)
  A hungry ghost (D:7)
  3 water moccasins
  The ghost of gitgud34 the Covert, an amateur SpEn (D:3)
  3 sky beasts
  2 phantoms
  4 ogres
  2 orc warriors
  A black bear (D:9)
  2 centaurs
  A crocodile (D:8)
  2 big kobolds
  A gnoll sergeant (D:6)
  3 bullfrogs
  A wyvern skeleton (D:10)
  A water moccasin skeleton (D:7)
  3 scorpions
  A killer bee (D:10)
  6 wights (D:10)
  5 crimson imps
  8 hounds
  10 orc wizards
  A centaur skeleton (D:6)
  A gnoll shaman (D:8)
  6 orc priests
  4 jellies
  A bullfrog skeleton (D:6)
  4 iguanas
  6 worker ants
  A killer bee zombie (D:7)
  A hound skeleton (D:4)
  A howler monkey zombie (D:7)
  A worker ant zombie (D:7)
  19 gnolls
  11 adders
  3 shadow imps
  2 adder skeletons (D:5)
  2 adder zombies
  4 worms
  2 dart slugs
  9 leopard geckos
  45 orcs
  4 giant cockroaches
  10 goblins
  13 hobgoblins
  9 jackals
  5 quokkas
  4 ball pythons
  8 bats
  7 frilled lizards
  19 kobolds
  A leopard gecko zombie (D:5)
  2 quokka skeletons (D:5)
  6 rats
282 creatures vanquished.

Notes
Turn   | Place    | Note
-------+----------+-------------------------------------------
     0 | D:1      | Leibowitz the Demigod Fighter began the quest for the Orb.
     0 | D:1      | Reached XP level 1. HP: 18/18 MP: 3/3
   650 | D:2      | Reached skill level 2 in Polearms
   650 | D:2      | Reached XP level 2. HP: 23/26 MP: 4/4
   769 | D:2      | Reached XP level 3. HP: 26/31 MP: 5/5
  1230 | D:2      | Reached XP level 4. HP: 22/38 MP: 6/6
  1408 | D:2      | Reached skill level 3 in Polearms
  1408 | D:2      | Reached skill level 1 in Dodging
  1839 | D:3      | Noticed gitgud34's ghost (amateur SpEn)
  1864 | D:3      | Killed gitgud34's ghost
  1864 | D:3      | Reached XP level 5. HP: 41/45 MP: 7/7
  2368 | D:3      | Reached skill level 4 in Polearms
  2574 | D:4      | Reached XP level 6. HP: 51/51 MP: 8/8
  2756 | D:4      | Got a warped cloak
  2762 | D:4      | Identified the cursed +0 cloak of Liemol {rN++ Dex+3} (You found it on level 4 of the Dungeon)
  3279 | D:4      | Found a staircase to the Ecumenical Temple.
  3286 | Temple   | Entered the Ecumenical Temple
  3834 | D:4      | Reached XP level 7. HP: 57/58 MP: 9/9
  3848 | D:4      | Reached skill level 1 in Stealth
  3871 | D:4      | Reached skill level 5 in Polearms
  3902 | D:5      | Entered Level 5 of the Dungeon
  3908 | D:5      | Found a blossoming altar of Fedhas.
  4177 | D:5      | Noticed cerberus's ghost (amateur DgEE)
  4202 | D:5      | Killed cerberus's ghost
  4699 | D:5      | Got a fabulously ornate robe
  4710 | D:5      | Identified the +1 robe of Juim {Int+2} (You found it on level 5 of the Dungeon)
  4736 | D:5      | Found an ancient bone altar of Kikubaaqudgha.
  4736 | D:5      | Noticed a human
  4882 | D:5      | Reached skill level 6 in Polearms
  5189 | D:6      | Reached XP level 8. HP: 62/66 MP: 10/10
  5848 | D:6      | Reached skill level 7 in Polearms
  5862 | D:6      | Found an opulent altar of Gozag.
  5908 | D:6      | You fall through a shaft for 2 floors!
  6514 | D:6      | Noticed Eustachio
  6539 | D:5      | Killed Eustachio
  6716 | D:7      | Reached skill level 5 in Shields
  6734 | D:7      | Reached XP level 9. HP: 49/72 MP: 11/11
  6756 | D:7      | Reached skill level 8 in Polearms
  7072 | D:7      | Found an iron altar of Okawaru.
  7438 | D:7      | Reached skill level 5 in Fighting
  7478 | D:7      | Found Wufytiecw's Weapon Shoppe.
  8211 | D:8      | Reached skill level 9 in Polearms
  8659 | D:8      | Found Qiebo's Gadget Shoppe.
  8840 | D:9      | Noticed Joseph
  8873 | D:9      | Killed Joseph
  9356 | D:9      | Reached XP level 10. HP: 73/81 MP: 13/13
  9698 | D:9      | Found a staircase to the Orcish Mines.
  9729 | D:9      | Paralysed by a hornet for 1 turns
 10092 | D:9      | Found a sacrificial altar of Ru.
 10264 | D:10     | Entered Level 10 of the Dungeon
 10298 | D:10     | Got a steaming battleaxe
 10304 | D:10     | Identified the +1 battleaxe of the Wheel {pain, rN+} (You found it on level 10 of the Dungeon)
 10501 | D:10     | Reached skill level 5 in Armour
 10516 | D:10     | Reached skill level 5 in Dodging
 10989 | D:10     | Noticed a centaur warrior
 11020 | D:10     | Killed a centaur warrior
 11020 | D:10     | Reached skill level 10 in Polearms
 11020 | D:10     | Reached skill level 1 in Evocations
 11033 | D:10     | Slain by a shadow

Skill      XL: |  1  2  3  4  5  6  7  8  9 10 |
---------------+-------------------------------+-----
Fighting       | 3 4 5 |  5.8
Polearms       | 2 3 4 6 7 9 10 | 10.1
Armour         | 3 4 5 |  5.0
Dodging        | 1 2 3 4 5 |  5.2
Shields        | 3 4 5 6 |  6.9
Stealth        | 1 2 3 |  3.6
Evocations     | 1 |  1.2

Action                   |  1- 3 |  4- 6 |  7- 9 | 10-12 || total
-------------------------+-------+-------+-------+-------++-------
Melee: Trident           |   128 |   332 |   734 |   222 ||  1416
Throw: Throwing net      |       |       |     1 |     1 ||     2
Evoke: Wand              |       |       |     5 |    15 ||    20
  Use: Potion            |     1 |       |     8 |     3 ||    12
       Scroll            |       |     9 |     4 |     2 ||    15
 Stab: Distracted        |       |     2 |     2 |       ||     4
       Sleeping          |       |       |     9 |     1 ||    10
  Eat: Chunk             |     1 |     9 |    22 |    12 ||    44
       Fruit             |       |       |     3 |       ||     3
       Beef jerky        |       |       |     2 |       ||     2
Armor: Scale mail        |    56 |    93 |       |       ||   149
       Leather armour    |       |    27 |   173 |    45 ||   245
       Skin              |       |       |     8 |       ||     8
Dodge: Dodged            |    46 |   119 |   331 |   130 ||   626
Block: Shield            |    58 |    53 |       |    77 ||   188
       Buckler           |       |    55 |   244 |    36 ||   335
       Reflection        |       |       |     1 |       ||     1
